 Dungeon Crawl Stone Soup version 0.17-a0-2105-gad05798 (webtiles) character file.

100 Geeful the Ruffian (level 4, -9/42 HPs)
             Began as a Troll Warper on Oct 18, 2015.
             Mangled by Jessica
             ... wielding a +0 dagger of electrocution
              (16 damage)
             ... on level 2 of the Dungeon.
             The game lasted 00:04:29 (1351 turns).

Geeful the Ruffian (Troll Warper)                   Turns: 1351, Time: 00:04:29

Health: -9/42      AC:  6    Str: 19    XL:     4   Next: 46%
Magic:  5/5        EV: 10    Int:  9    God:
Gold:   88         SH:  0    Dex: 10    Spells: 2 memorised, 3 levels left

rFire  . . .     SeeInvis .       - Unarmed
rCold  . . .     Clarity  .     a - +0 robe
rNeg   . . .     SustAt   .     (no shield)
rPois  .         Gourm    +     (helmet restricted)
rElec  .         Spirit   .     n - +0 cloak
rCorr  .         Warding  .     (gloves unavailable)
rMut   .         Stasis   .     (boots unavailable)
MR     .....                    (no amulet)
Stlth  +.........               (no ring)
                                (no ring)

@: not resistant to hostile enchantments, very unstealthy
A: unfitting armour, claws 3, fast metabolism 3, gourmand, regeneration 2,
shaggy fur 1, tough skin 2
a: no special abilities


You were on level 2 of the Dungeon.
You were completely stuffed.

You visited 1 branch of the dungeon, and saw 2 of its levels.

You collected 88 gold pieces.

Inventory:

Missiles
 d - 8 curare-tipped needles
 p - 2 throwing nets (quivered)
Armour
 a - a +0 robe (worn)
 n - a +0 cloak (worn)
Scrolls
 c - a scroll of blinking
 f - 2 scrolls of identify {unknown}
 g - a scroll of random uselessness {unknown}
 j - a scroll of teleportation {unknown}
 o - a scroll of enchant weapon {unknown}
 q - a scroll of amnesia {unknown}
Potions
 h - a potion of brilliance
 l - 3 potions of curing {unknown}
 m - a potion of poison {unknown}
Books
 b - a book of Spatial Translocations

   Spells                             Type                      Level
   a - Apportation                    Translocation                1
   b - Blink                          Translocation                2
   c - Shroud of Golubria             Charms/Translocation         2
   d - Portal Projectile              Translocation                3
   e - Teleport Other                 Translocation                3
   f - Passage of Golubria            Translocation                4
Comestibles
 e - 4 bread rations
 i - a chunk of flesh
 k - a royal jelly


   Skills:
 + Level 2.0 Fighting
 - Level 0.8 Throwing
 + Level 2.5 Dodging
 + Level 2.7 Unarmed Combat
 + Level 1.8 Spellcasting
 + Level 2.5 Translocations


You had 3 spell levels left.
You knew the following spells:

 Your Spells              Type           Power        Failure   Level  Hunger
a - Apportation           Tloc           #.........   12%         1    ##.....
b - Blink                 Tloc           N/A          17%         2    ###....


Dungeon Overview and Level Annotations

Branches:
Dungeon (2/15)

Altars:

Annotations:
D:2 Jessica


Innate Abilities, Weirdness & Mutations

You are too large for most types of armour.
You have claws for hands.
Your metabolism is lightning-fast.
You like to eat raw meat.
You heal very quickly.
You are covered in fur (AC +1).
You have very tough skin (AC +2).


Message History

Jessica shouts!
Jessica very coldly says, "I hate your company."
Some of the chunks of flesh in your inventory have rotted away.
You barely miss Jessica. Jessica hits you but does no damage.
You are electrocuted!
You claw Jessica!
Jessica is almost dead.
Jessica hits you but does no damage.
You are electrocuted!
* * * LOW HITPOINT WARNING * * *
You are too injured to fight recklessly!
You are too injured to fight recklessly!
You are too injured to fight recklessly!
You are too injured to fight recklessly!
You are too injured to fight recklessly!
You scratch Jessica but do no damage.
Jessica is almost dead.
Jessica hits you with a dagger of electrocution.
* * * LOW HITPOINT WARNING * * *
You are electrocuted!
You die...

###........ #.#
#.........###.#
#.......#####.##
#.......# #.. .
#.......# #.#.#
#.......###.#.
####.......##..<
#..........##..####.#
#.#####.#####..@@.[.#
##.# #<# #.#######
...# #.# #.#
##.#####.# #.#
#.#...#.# #.#
#.....รท.#####.#
###......^....#
#############


You could see Jessica.

Vanquished Creatures
  3 gnolls (D:2)
  2 adders (D:2)
  A giant gecko (D:1)
  2 giant cockroaches (D:2)
  5 hobgoblins
  6 jackals
  3 quokkas (D:2)
  4 bats
  4 giant newts
  8 goblins
  9 kobolds
  7 rats
54 creatures vanquished.

Notes
Turn   | Place    | Note
--------------------------------------------------------------
     0 | D:1      | Geeful the Troll Warper began the quest for the Orb.
     0 | D:1      | Reached XP level 1. HP: 19/19 MP: 1/1
   110 | D:1      | Reached XP level 2. HP: 22/28 MP: 3/3
   127 | D:1      | Learned a level 2 spell: Blink
   603 | D:1      | Reached XP level 3. HP: 31/35 MP: 4/4
   920 | D:2      | Reached XP level 4. HP: 15/42 MP: 5/5
  1346 | D:2      | Noticed Jessica
  1351 | D:2      | Mangled by Jessica

Vault maps used:
D:1:      minmay_arrival_glassed_features
D:2:      uniq_jessica

Action                   |  1- 3 |  4- 6 || total
-------------------------+-------+-------++-------
Melee: Unarmed           |   128 |    40 ||   168
Throw: Throwing net      |     2 |       ||     2
  Use: Potion            |     1 |       ||     1
  Eat: Chunk             |    12 |     6 ||    18
